 Dungeon Crawl Stone Soup version 0.19-a0-607-g42021f0 (webtiles) character file.

3117 TopsideChimera the Reanimator (level 9, -6/57 HPs)
             Began as a Mummy Necromancer on June 12, 2016.
             Was a Follower of Sif Muna.
             Mangled by a seven-headed hydra (7 damage)
             ... on level 1 of the Lair of Beasts.
             The game lasted 00:35:59 (9489 turns).

TopsideChimera the Reanimator (Mummy Necromancer)   Turns: 9489, Time: 00:36:00

Health: -6/57      AC:  5    Str: 11    XL:     9   Next: 60%
Magic:  27/36      EV: 15    Int: 17    God:    Sif Muna [*.....]
Gold:   394        SH:  0    Dex: 13    Spells: 5 memorised, 7 levels left

rFire  x . .     SeeInvis .     h - +1 spear (freeze)
rCold  + . .     Gourm    .     a - +0 robe
rNeg   + + +     Faith    .     (no shield)
rPois  ∞         Spirit   .     q - +0 helmet
rElec  .         Dismiss  .     r - +0 cloak
rCorr  .         Reflect  .     p - +0 pair of gloves
SustAt .         Harm     .     (no boots)
MR     +....                    d - amulet of magic regeneration
Stlth  ++........               s - ring of magical power
                                l - ring of magical power

@: somewhat resistant to hostile enchantments, unstealthy
A: no food or potions, fire vulnerability, cold resistance 1, negative energy
resistance 3, torment resistance, unbreathing
a: Channel Energy, Renounce Religion


You were on level 1 of the Lair of Beasts.
You worshipped Sif Muna.
Sif Muna was aware of your devotion.
You were not hungry.

You visited 3 branches of the dungeon, and saw 10 of its levels.
You also visited: Ossuary.

You collected 394 gold pieces.

Inventory:

Hand Weapons
 c - a +0 dagger
 h - a +1 spear of freezing (weapon)
 u - a +2 spear of flaming
Missiles
 e - a throwing net (quivered)
Armour
 a - a +0 robe (worn)
 p - a +0 pair of gloves (worn)
 q - a +0 helmet (worn)
 r - a +0 cloak (worn)
 t - a +0 buckler
Jewellery
 d - an amulet of magic regeneration (around neck)
 l - a ring of magical power (left hand)
 s - a ring of magical power (right hand)
Scrolls
 f - 11 scrolls of remove curse
 g - 3 scrolls of enchant weapon
 i - 2 scrolls of fog
 j - 3 scrolls of recharging
 k - a scroll of blinking
 m - 4 scrolls of immolation
 n - a scroll of enchant armour {unknown}
 o - 2 scrolls of teleportation
Books
 b - a book of Necromancy

   Spells                             Type                      Level
   a - Pain                           Necromancy                   1
   b - Animate Skeleton               Necromancy                   1
   c - Vampiric Draining              Necromancy                   3
   d - Regeneration                   Charms/Necromancy            3
   e - Animate Dead                   Necromancy                   4
   f - Control Undead                 Necromancy                   4


   Skills:
 - Level 5.3 Dodging
 - Level 1.5 Stealth
 + Level 1.7 Shields
 + Level 6.3 Spellcasting
 - Level 10.0 Necromancy
 + Level 2.9 Invocations


You had 7 spell levels left.
You knew the following spells:

 Your Spells              Type           Power        Failure   Level  Hunger
a - Pain                  Necr           ####         1%          1    N/A
b - Animate Skeleton      Necr           N/A          1%          1    N/A
c - Animate Dead          Necr           N/A          1%          4    N/A
d - Vampiric Draining     Necr           #####.....   1%          3    N/A
e - Control Undead        Necr           #####.....   1%          4    N/A

Dungeon Overview and Level Annotations

Branches:
Dungeon (8/15)             Temple (1/1) D:7            Lair (1/6) D:8

Altars:
Ashenzari
Cheibriados
Dithmenos
Elyvilon
Fedhas
Gozag
Hepliaklqana
Kikubaaqudgha
Makhleb
Nemelex Xobeh
Pakellas
Qazlal
Sif Muna
Trog
Uskayaw
Vehumet
Xom
Yredelemnul
Zin
The Shining One

Annotations:
D:6 Grinder


Innate Abilities, Weirdness & Mutations

You do not eat or drink.
Your flesh is vulnerable to fire.
You are immune to poison.
Your flesh is cold resistant. (rC+)
You are immune to negative energy. (rN+++)
You are immune to unholy pain and torment.
You can survive without breathing.


Message History

The seven-headed hydra is moderately wounded.
You feel life coursing into your body.
The seven-headed hydra completely misses you.
The seven-headed hydra barely misses you.
The seven-headed hydra misses you. x2; The seven-headed hydra bites you!
* * * LOW HITPOINT WARNING * * *
The seven-headed hydra barely misses you.
The seven-headed hydra bites you.
* * * LOW HITPOINT WARNING * * *
Casting: Vampiric Draining
Confirm with . or Enter, or press ? or * to list all spells.
Aiming: Vampiric Draining
Press: ? - help, Shift-Dir - straight line, f/p - seven-headed hydra
Aim: a seven-headed hydra (moderately wounded)
The seven-headed hydra is moderately wounded.
You feel life coursing into your body. The seven-headed hydra bites you!
* * * LOW HITPOINT WARNING * * *
The seven-headed hydra barely misses you.
The seven-headed hydra bites you!
You die...

#......##########.##
##......## #..#
#.<.....P# ##.##
##.......# #...
#......## ##...
#......# #....
#......## ##.##
#.......# ## #.#
#..@D..#####.P###.#
#...............#.#
#...).............#
#.................#
##.................#
#P...............#..
##................>##
#.#########P##.##.#
#.## ## ## ..#


You could see a seven-headed hydra.

Vanquished Creatures
  A spiny frog (Lair:1)
  Prince Ribbit (D:8)
  A wyvern (D:8)
  A hippogriff (D:8)
  Menkaure (D:7)
  2 sky beasts (D:8)
  An eye of draining (D:8)
  A phantom (D:8)
  4 ogres
  A centaur (D:5)
  A crocodile (D:8)
  4 giant frogs
  3 scorpions
  2 jellies (D:8)
  A howler monkey (D:7)
  A crimson imp (D:7)
  2 hounds
  3 orc priests
  5 orc wizards
  4 worker ants
  3 mummies (Ossuary)
  A hound skeleton (D:6)
  11 gnolls
  3 adders
  A shadow imp (D:8)
  An ooze (D:1)
  An adder skeleton (D:6)
  3 worms
  A dart slug (D:3)
  7 giant geckos
  25 orcs
  2 ball pythons (D:3)
  8 giant cockroaches
  17 goblins
  14 hobgoblins
  6 jackals
  6 kobolds
  6 quokkas
  A ball python skeleton (D:4)
  8 bats
  5 giant newts (D:1)
  2 orc zombies (Ossuary)
  13 rats
185 creatures vanquished.

Vanquished Creatures (collateral kills)
  A necrophage (D:8)
  A centaur (D:7)
  2 human zombies (Ossuary)
  A big kobold zombie (Ossuary)
  A gnoll (D:7)
  An adder (D:3)
  A shadow imp (D:8)
  An adder zombie (D:7)
  A giant gecko (D:7)
  A giant cockroach (D:4)
  A hobgoblin zombie (Ossuary)
  A kobold zombie (Ossuary)
13 creatures vanquished.

Vanquished Creatures (others)
  A manticore (D:3)
  A quokka (D:3)
2 creatures vanquished.

Grand Total: 200 creatures vanquished

Notes
Turn   | Place    | Note
--------------------------------------------------------------
     0 | D:1      | TopsideChimera the Mummy Necromancer began the quest for the Orb.
     0 | D:1      | Reached XP level 1. HP: 13/13 MP: 3/3
   218 | D:1      | Reached XP level 2. HP: 19/19 MP: 1/5
   469 | D:1      | Learned a level 1 spell: Animate Skeleton
   730 | D:1      | Reached XP level 3. HP: 24/24 MP: 1/7
  1674 | D:2      | Found a shadowy altar of Dithmenos.
  1688 | D:2      | Reached skill level 5 in Necromancy
  1688 | D:2      | Reached XP level 4. HP: 30/30 MP: 2/8
  1694 | D:2      | Learned a level 4 spell: Animate Dead
  1753 | D:2      | Found a bloodstained altar of Trog.
  2033 | D:2      | Found a blossoming altar of Fedhas.
  2073 | D:2      | Found a radiant altar of Vehumet.
  2087 | D:2      | Found a shimmering altar of Xom.
  2536 | D:3      | Found a white marble altar of Elyvilon.
  2581 | D:3      | Found a stormy altar of Qazlal.
  2953 | D:3      | Found a glowing golden altar of the Shining One.
  3231 | D:3      | Found an oddly glowing altar of Pakellas.
  3238 | D:3      | Killed a manticore
  3241 | D:3      | Reached XP level 5. HP: 35/35 MP: 3/9
  3323 | D:3      | Reached skill level 6 in Necromancy
  4118 | D:4      | Found an opulent altar of Gozag.
  4309 | D:4      | Reached XP level 6. HP: 41/41 MP: 6/11
  4719 | D:4      | Learned a level 3 spell: Vampiric Draining
  4724 | D:4      | Learned a level 4 spell: Control Undead
  4772 | D:4      | Found an ancient bone altar of Kikubaaqudgha.
  4813 | D:4      | Found a shattered altar of Ashenzari.
  4937 | D:4      | Reached skill level 7 in Necromancy
  5085 | D:4      | Found a snail-covered altar of Cheibriados.
  5209 | D:4      | Reached XP level 7. HP: 46/46 MP: 11/13
  5440 | D:5      | Entered Level 5 of the Dungeon
  5818 | D:5      | Found a sparkling altar of Nemelex Xobeh.
  5921 | D:6      | Found a sand-covered staircase.
  5987 | Ossuary  | Entered an ossuary
  6022 | Ossuary  | Reached skill level 5 in Spellcasting
  6301 | D:6      | Noticed Grinder
  6418 | D:6      | Found a hazy altar of Hepliaklqana.
  6430 | D:6      | Found a hide-covered altar of Uskayaw.
  6431 | D:6      | Noticed a dagger
  6432 | D:6      | Noticed a dagger
  6529 | D:7      | Reached skill level 8 in Necromancy
  6623 | D:7      | Noticed Menkaure
  6664 | D:7      | Reached XP level 8. HP: 38/52 MP: 16/16
  6695 | D:7      | HP: 1/52 [centaur (5)]
  7205 | D:7      | Killed Menkaure
  7532 | D:7      | Found a staircase to the Ecumenical Temple.
  7541 | Temple   | Entered the Ecumenical Temple
  7599 | Temple   | Became a worshipper of Sif Muna the Loreminder
  7739 | D:8      | Reached skill level 9 in Necromancy
  7740 | D:8      | HP: 2/52 [gnoll/spear of flaming (3)]
  8276 | D:8      | Reached XP level 9. HP: 27/57 MP: 17/17
  8614 | D:8      | Reached * piety under Sif Muna
  8614 | D:8      | Reached skill level 5 in Dodging
  8646 | D:8      | Reached skill level 10 in Necromancy
  8646 | D:8      | Reached skill level 1 in Invocations
  8900 | D:8      | Noticed Prince Ribbit
  8908 | D:8      | Killed Prince Ribbit
  9195 | D:8      | Found a staircase to the Lair.
  9204 | Lair:1   | Entered Level 1 of the Lair of Beasts
  9228 | Lair:1   | Reached skill level 1 in Shields
  9284 | Lair:1   | Noticed a spiny frog
  9294 | Lair:1   | Killed a spiny frog
  9400 | Lair:1   | Noticed a seven-headed hydra
  9489 | Lair:1   | HP: 1/57 [seven-headed hydra (8)]
  9489 | Lair:1   | Mangled by a seven-headed hydra

Vault maps used:
D:1:      tarquinn_simple_flora_water_d, serial_forest, infiniplex_forest_split,
          infiniplex_forest_lined_2, infiniplex_forest_lined_3,
          infiniplex_forest_end_double, infiniplex_forest_lined_2,
          infiniplex_forest_pool, infiniplex_forest_straight_3, minmay_vboxes
D:2:      overflow_temple_1_default, nicolae_dithmenos_shadow_blocks,
          minitemple, trog_three_pillars_becter
D:3:      elyvilon_altar_4, grunt_qazlal_clouds,
          gammafunk_pakellas_spire_experiment, tso_altar, first_bread
D:4:      nicolae_overflow_crystal_walls, overflow_temple_1_default,
          kennysheep_little_box, nicolae_gozag_seed_capital
D:5:      nemelex_xobeh_ov_fountains_minmay
D:6:      kennysheep_kobold_camp, dancing_weapons_uskayaw, kennysheep_mini_moat,
          enter_ossuary_1, uniq_grinder
D:7:      lemuel_temple_firewalk, hangedman_decor_growths, uniq_menkaure
D:8:      lair_0_dummy, uniq_prince_ribbit1
Temple:   nicolae_temple_hex_pool_5
Lair:1:   serial_bayou_shore_b, uniq_fannar
Ossuary:  ossuary_crypta

Skill      XL: |  1  2  3  4  5  6  7  8  9 |
---------------+----------------------------+-----
Spellcasting   | 3 4 5 6 |  6.3
Necromancy     | 5 6 7 8 9 10 | 10.0
Dodging        | 4 5 |  5.3
Invocations    | 2 |  2.9
Shields        | 1 |  1.7
Stealth        | |  1.5

Action                   |  1- 3 |  4- 6 |  7- 9 || total
-------------------------+-------+-------+-------++-------
Melee: Dagger            |     2 |    11 |    41 ||    54
       Spear             |       |       |   122 ||   122
 Cast: Pain              |    74 |   179 |   231 ||   484
       Animate Skeleton  |    13 |    20 |     2 ||    35
       Animate Dead      |       |     4 |    18 ||    22
       Control Undead    |       |     1 |    22 ||    23
       Vampiric Draining |       |       |     2 ||     2
Invok: Channel Energy    |       |       |    13 ||    13
  Use: Scroll            |       |     4 |    10 ||    14
 Stab: Distracted        |       |       |     1 ||     1
       Sleeping          |       |       |     1 ||     1
Armor: Robe              |     2 |     7 |    49 ||    58
Dodge: Dodged            |    11 |    22 |   135 ||   168
